[Event "*** Titled Tuesday Blitz"]
[Site "Chess.com"]
[Date "2020.11.03"]
[Round "1"]
[White "MashaFromRussia"]
[Black "PavlovDanila"]
[Result "0-1"]
[WhiteElo "2334"]
[BlackElo "2665"]
[TimeControl "180+1"]
[EndTime "10:08:28 PST"]
[Termination "PavlovDanila won by resignation"]

1. d4 Nf6 2. c4 g6 3. Nf3 Bg7 4. g3 d6 5. Bg2 O-O 6. O-O Nbd7 7. Nc3 e5 8. dxe5 dxe5 9. Qc2 c6 10. e4 Qc7 11. Rd1 Rd8 12. h3 b6 13. Be3 Ba6 14. b3 Nf8 15. Rxd8 Rxd8 16. Rd1 Rxd1+ 17. Qxd1 Ne6 18.
Ng5 Nxg5 19. Bxg5 Nd7 20. Be7 Nf8 21. Qd6 Qxd6 22. Bxd6 Bc8 23. Nd1 Ne6 24. Nb2 Nd4 25.
Nd3 f6 26. Nb4 Bf8 27. Bxf8 Kxf8 28. Kf1 Ke7 29. Ke1 Be6 30. Kd2 a5 31. Nc2 Kd6 32. Ne1 a4 33. Kc3 axb3 34. axb3 b5 35. Nd3 c5 36.
Nc1 Kc6 37. cxb5+ Nxb5+ 38. Kb2 Nd4 39. Bf1 h5 40. h4 Nf3 41. Kc3 Nd4 42. Bc4 Bg4 43.
Bd5+ Kd6 44. Nd3 g5 45. Nb2 gxh4 46. gxh4 Nf3 47. Nc4+ Ke7 48. Ne3 Nxh4 49. Kc4 Kd6 50. Kb5 Be2+ 51. Kb6 Nf3 52. Nf5+ Kd7 53. Kxc5 h4 54. b4 h3 55. b5 h2 56. Ng3 Nd4 57.
b6 Bf3 58. b7 Kc7 59. b8=Q+ Kxb8 60. Kd6 Ne2 61. Nh1 Bxh1 62. Ke7 Bf3 63. Kxf6 h1=Q 64.
Kxe5 0-1

[Event "*** Titled Tuesday Blitz"]
[Site "Chess.com"]
[Date "2020.11.03"]
[Round "1"]
[White "Semetey"]
[Black "marabu44"]
[Result "1-0"]
[WhiteElo "2581"]
[BlackElo "2266"]
[TimeControl "180+1"]
[EndTime "10:08:28 PST"]
[Termination "Semetey won by checkmate"]

1. e4 e5 2. Nc3 Nc6 3. Bc4 Nf6 4.
d3 Na5 5. Nf3 Nxc4 6. dxc4 d6 7.
h3 Be7 8. Be3 Be6 9. b3 c6 10.
Qd3 Qc7 11. a4 a5 12. g4 h6 13. Rg1 g5 14. Nd2 Bd7 15. f3 Be6 16. Nf1 d5 17.
cxd5 O-O-O 18. Qc4 cxd5 19. Qxc7+ Kxc7 20. Nb5+ Kb8 21. Ba7+ Ka8 22. Bb6 Rc8 23. O-O-O d4 24. Nc7+ Kb8 25.
Nxe6 fxe6 26. Bxa5 Nd7 27. Be1 Rhf8 28. Nd2 Nc5 29.
Kb2 d3 30. c3 Rcd8 31. Bg3 Bd6 32. Rgf1 Bc7 33. Ra1 Rf7 34. b4 Nd7 35. a5 Ka7 36. Kb3 Nb8 37. Rad1 Nc6 38. Nc4 b5 39.
axb6+ Bxb6 40. Ra1+ Kb7 41. b5 Ne7 42. Ra6 Nc8 43.
Nxe5 Rc7 44. Nc6 Rxc6 45. bxc6+ Kxa6 46. Kb4 Ba5+ 47. Kc5 d2 48. Rd1 Bb6+ 49. Kb4 Ba5+ 50. Kc5 Rd3 51. c4 Bb6+ 52. Kb4 Ba5+ 53. Kc5 Ne7 54.
c7 Nc8 55. Kc6 Rxf3 56. Bd6 Re3 57. c5 Re1 58. Rxd2 Bxd2 59. Kd7 Kb7 60. c6+ Ka8 61.
Kxc8 Rd1 62. Kd7 Bf4 63. c8=Q+ Ka7 64. Qb7# 1-0

[Event "*** Titled Tuesday Blitz"]
[Site "Chess.com"]
[Date "2020.11.03"]
[Round "1"]
[White "rududuyk"]
[Black "DamianoLew95"]
[Result "1-0"]
[WhiteElo "2175"]
[BlackElo "2509"]
[TimeControl "180+1"]
[EndTime "10:08:29 PST"]
[Termination "rududuyk won on time"]

1. e4 c5 2. Nc3 d6 3. Bc4 Nc6 4. f4 e6 5. Nf3 a6 6. a4 Nge7 7. d3 g6 8. O-O Bg7 9. Qe1 O-O 10. f5 exf5 11. Qh4 Qe8 12. Bh6 d5 13. Bxd5 Nxd5 14. Nxd5 Qd8 15. Ng5 f6 16. Bxg7 fxg5 17. Qh6 Rf7 18.
Bc3 f4 19. h4 Be6 20. hxg5 Bxd5 21. exd5 Qxd5 22. Rf3 Nd4 23. Rf2 f3 24. g3 Ne2+ 25.
Kh1 Nxc3 26. bxc3 Re8 27. Raf1 c4 28. d4 Re2 29. Qh4 Qe6 30. d5 Qxd5 31. Qd4 Qxd4 32. cxd4 Rxf2 33. Rxf2 b5 34. axb5 axb5 35. c3 Kf8 36. Kg1 Ke7 37. Rb2 Rf5 38. Kf2 Kd6 39. g4 Rxg5 40. Kxf3 Kc6 41. Kf4 Rd5 42. Rh2 Rd7 43.
Re2 Kb6 44. Re5 b4 45. cxb4 Rxd4+ 46. Ke3 Rxg4 47. Rc5 h5 48. Rc8 Kb5 49. Rb8+ Kc6 50.
b5+ Kc7 51. Rg8 h4 52. Rg7+ Kb6 53. Rh7 Kxb5 54. Kf3 Rg3+ 55. Kf2 Rd3 56. Rxh4 c3 57. Ke2 Rd6 58. Rh3 Kb4 59. Rh4+ Kb3 60. Rh7 Rd4 61.
Rb7+ Rb4 62. Rc7 Kb2 63. Kd1 1-0

[Event "*** Titled Tuesday Blitz"]
[Site "Chess.com"]
[Date "2020.11.03"]
[Round "1"]
[White "frederiksvane"]
[Black "Olga_Zhuravleva"]
[Result "1-0"]
[WhiteElo "2642"]
[BlackElo "2320"]
[TimeControl "180+1"]
[EndTime "10:08:30 PST"]
[Termination "frederiksvane won on time"]

1. e4 e5 2. Nf3 Nc6 3. Bb5 f5 4. d3 Nf6 5. O-O Bc5 6. Nc3 O-O 7. exf5 d6 8. Ne4 Bb6 9. Ng3 Nd4 10. Nxd4 Bxd4 11. c3 Bb6 12. d4 e4 13. Bg5 c6 14.
Be2 d5 15. Bf4 Bc7 16. Qd2 Ne8 17. Bg4 Nd6 18. f3 Nc4 19. Qc1 Bxf4 20. Qxf4 exf3 21. Rxf3 Nxb2 22. Raf1 Nc4 23. Nh5 Qd6 24. Qg5 Qh6 25.
Qxh6 gxh6 26. Rg3 Kf7 27. Be2 Rg8 28. Bxc4 dxc4 29. Re3 Bd7 30. Rfe1 Rae8 31. Ng3 Rxe3 32. Rxe3 Kf6 33. Rf3 Re8 34. Kf2 b6 35. h4 Kf7 36.
Nh5 c5 37. dxc5 bxc5 38. g4 Bc6 39. Rf4 Rd8 40. Rxc4 Rd2+ 41. Ke3 Rg2 42. Rxc5 Ba4 43. Rc7+ Ke8 44. Rc4 Bd1 45. Re4+ Kf8 46. Nf6 Re2+ 47. Kf4 Rf2+ 48. Ke5 Bc2 49. Rd4 Re2+ 50. Ne4 Ke7 51. g5 hxg5 52. hxg5 Bb1 53. a3 Ba2 54. c4 Rb2 55. c5 Rc2 56. f6+ Kf7 57. Rd7+ Kg6 58. Rg7+ Kh5 59. Rxh7+ Kg4 60. g6 Kf3 61. f7 Bxf7 62. gxf7 1-0

[Event "*** Titled Tuesday Blitz"]
[Site "Chess.com"]
[Date "2020.11.03"]
[Round "1"]
[White "arminmusovic"]
[Black "Akhayan"]
[Result "1/2-1/2"]
[WhiteElo "2577"]
[BlackElo "2279"]
[TimeControl "180+1"]
[EndTime "10:08:32 PST"]
[Termination "Game drawn by agreement"]

1. a3 e5 2. Nc3 d5 3. d4 exd4 4. Qxd4 Nf6 5. e4 Nc6 6. Bb5 dxe4 7. Bxc6+ bxc6 8. Qxd8+ Kxd8 9. Bg5 Bf5 10. O-O-O+ Kc8 11. f3 Be7 12. fxe4 Bg4 13. Nf3 Re8 14. Rhf1 h6 15.
Bh4 g5 16. Bf2 Bd6 17. Bd4 Nxe4 18. Rde1 f5 19. h3 Bf4+ 20. Kd1 Nxc3+ 21. Bxc3 Rd8+ 22. Ke2 Bh5 23. Kf2 Kb7 24. Nd4 Bg6 25. Ne6 Rd6 26. Nxf4 gxf4 27. Kf3 Rg8 28. Kxf4 Bf7 29. g3 Bd5 30. Re3 Rdg6 31. Rg1 h5 32. Kxf5 Rg5+ 33. Kf4 R5g6 34. Re5 h4 35. g4 Rf8+ 36. Rf5 Re8 37. Be5 Rge6 38. Re1 Bg2 39. Re3 c5 40. Rb3+ Kc6 41.
Rf6 Rxf6+ 42. Bxf6 c4 43. Re3 Rxe3 44. Kxe3 Bxh3 45.
Bxh4 Bxg4 46. Kd4 Kb5 47. Kc3 Bd1 48. Bf2 Bh5 49. Bxa7 Bg6 50. Bf2 Bf7 51. Bg3 c6 52.
Bd6 Bd5 53. b3 cxb3 54. cxb3 c5 55. a4+ Kc6 56. Bf8 Bf7 57. Bg7 Be6 58. Bh6 Bc8 59. Be3 Ba6 60. Bf2 Kd5 61. Bg1 Kc6 62. Kc2 Kd5 63. Kc3 Kc6 64. Bh2 Kd5 65. Bg3 Kc6 66.
Bh4 Kd5 67. Bg5 Kc6 68. b4 cxb4+ 69. Kxb4 Kb7 70. a5 Bd3 71. Be3 Ka8 72. Kc5 Be4 73. Kb6 Bf3 74. a6 Be4 75. a7 Bf3 76. Kc7 Be4 77.
Bb6 Bf3 78. Kd6 Be4 1/2-1/2

[Event "*** Titled Tuesday Blitz"]
[Site "Chess.com"]
[Date "2020.11.03"]
[Round "1"]
[White "Karacsonyi_Gellert"]
[Black "Nara_Kh"]
[Result "1-0"]
[WhiteElo "2667"]
[BlackElo "2337"]
[TimeControl "180+1"]
[EndTime "10:08:34 PST"]
[Termination "Karacsonyi_Gellert won by resignation"]

1. e4 c5 2. Nf3 d6 3. d4 Nf6 4.
Nc3 cxd4 5. Nxd4 a6 6. Bc4 e6 7. O-O b5 8. Bb3 Be7 9. Qf3 O-O 10. e5 dxe5 11. Qxa8 exd4 12. Ne2 Qb6 13. Qf3 Bb7 14. Qh3 Nc6 15. Bg5 h6 16. Bh4 Ne5 17. Rad1 Rd8 18. c3 d3 19. Nd4 Rxd4 20. cxd4 Qxd4 21.
Bxe6 fxe6 22. Qxe6+ Kf8 23. Rfe1 Qxh4 24. Qxe5 Ng4 25.
Qb8+ Kf7 26. Qf4+ Kg8 27. Rxe7 Qxe7 28. Qxg4 d2 29. h3 Qe1+ 30. Kh2 Qxf2 31. Qe6+ Kh8 32. Qg4 Bd5 33. Qg3 Qd4 34. Qc3 Qe4 35. Rxd2 Qf4+ 36.
Kg1 Qe4 37. Qd4 Qe1+ 38. Kh2 Bf7 39. Qd8+ Kh7 40. Qd3+ Bg6 41. Qe2 Qb1 42. a3 Qf5 43. b4 Qf4+ 44. Kg1 Qf6 45. Qf3 Qa1+ 46. Kh2 Qe5+ 47. Qg3 Qa1 48. Rf2 Qb1 49. Rf4 Qc2 50.
h4 h5 51. Rd4 Qf5 52. Rd6 Qc2 53. Rxa6 Qe4 54. Rxg6 Qxg6 55. Qxg6+ Kxg6 56. Kg3 Kf5 57. Kf3 Ke5 58. Ke3 Kf5 59. Kd4 Kg4 60. Kc5 Kxh4 61. Kxb5 Kg3 62. a4 Kxg2 63. a5 h4 64. a6 h3 65. a7 h2 66. a8=Q+ Kg1 67. Qa1+ Kg2 68.
Qxg7+ Kf2 69. Qh6 Kg1 70. Qxh2+ Kxh2 71. Kc5 1-0

[Event "*** Titled Tuesday Blitz"]
[Site "Chess.com"]
[Date "2020.11.03"]
[Round "1"]
[White "Legendinunknown"]
[Black "Mimsychess"]
[Result "1-0"]
[WhiteElo "2655"]
[BlackElo "2328"]
[TimeControl "180+1"]
[EndTime "10:08:34 PST"]
[Termination "Legendinunknown won on time"]

1. d4 Nf6 2. c4 g6 3. Nc3 d5 4. cxd5 Nxd5 5. Nf3 Bg7 6. Bd2 O-O 7. e4 Nb6 8. Be3 Bg4 9. Be2 Nc6 10. d5 Na5 11. Bd4 Bxd4 12. Qxd4 e6 13. b4 Bxf3 14. bxa5 Bxe2 15. axb6 Ba6 16. h4 exd5 17. Nxd5 f6 18.
bxc7 Qe8 19. Rh3 f5 20. e5 Qb5 21. Nf4 Rfe8 22. Nd3 Qa5+ 23. Kf1 Rxe5 24. Kg1 Bxd3 25. Rxd3 Qxc7 26. Rc3 Qe7 27. Rd1 Re8 28. g3 Re1+ 29.
Rxe1 Qxe1+ 30. Kh2 Qe5 31. Qc4+ Qe6 32. Qd4 Qe5 33. Qc4+ Kg7 34. Re3 Qb8 35. Qd4+ Kg8 36. Qd5+ Kf8 37. Qc5+ Kg8 38. h5 Rxe3 39. Qxe3 Kf7 40.
Qb3+ Kg7 41. Qc3+ Kf7 42. Qc4+ Kf6 43. Qd4+ Kf7 44. h6 Qf8 45. Qd5+ Ke7 46. Qxb7+ Ke6 47.
Qxh7 Kf6 48. Kg2 a5 49. Qa7 Qxh6 50. Qa6+ Kg7 51. Qa7+ Kf6 52. Qa6+ Kg7 53. Qxa5 Qc1 54. Qe5+ Kf7 55. Qd4 Qc6+ 56. Kh2 g5 57. a4 Qh6+ 58. Kg1 Qa6 59. Qd5+ Kf6 60. a5 g4 61. Qd4+ Ke6 62. Qb6+ Qxb6 63. axb6 Kd6 64. Kf1 Kc6 65. Ke2 Kxb6 66.
Ke3 Kc5 67. Kf4 1-0

[Event "*** Titled Tuesday Blitz"]
[Site "Chess.com"]
[Date "2020.11.03"]
[Round "1"]
[White "amintabatabaei"]
[Black "rynos0411"]
[Result "0-1"]
[WhiteElo "2948"]
[BlackElo "2480"]
[TimeControl "180+1"]
[EndTime "10:08:35 PST"]
[Termination "rynos0411 won on time"]

1. Nf3 Nf6 2. e3 e6 3. b3 d5 4.
Bb2 Be7 5. c4 O-O 6. Nc3 b6 7.
Rg1 c5 8. cxd5 exd5 9. Bd3 Nc6 10.
Qe2 Nb4 11. a3 Nxd3+ 12. Qxd3 Be6 13. O-O-O Rc8 14. Kb1 Qd7 15. Ka1 Rfd8 16. Qb5 Qb7 17. d4 c4 18. bxc4 a6 19. Qa4 Rxc4 20. Qb3 Rdc8 21.
Ne5 R4c7 22. Rc1 b5 23. f3 h6 24. g4 Ne8 25. e4 Nf6 26. Rcd1 Rd8 27. exd5 Nxd5 28. Nxd5 Bxd5 29. Qd3 Bf6 30. Rc1 Rdc8 31. Rxc7 Rxc7 32. f4 b4 33. a4 Qb6 34. Rc1 Rxc1+ 35. Bxc1 Qa5 36. Qc2 b3 37. Qc8+ Kh7 38. Kb1 Qxa4 39.
Bb2 Be6 40. Qc5 Qb5 41. Qxb5 axb5 42. f5 Bd5 43. Kc1 h5 44. gxh5 Kh6 45. Kd2 Kxh5 46. Nd3 Kg5 47. Nb4 Bc4 48. Bc3 Kxf5 49. Nc6 Ke4 50.
h3 Bd5 51. Na5 Bxd4 52. Bb4 Be3+ 53. Kd1 Bd4 54. Kc1 b2+ 55. Kb1 Bc4 56. Nxc4 bxc4 57. h4 f5 58. Kc2 f4 59. h5 f3 60. h6 g6 0-1

[Event "*** Titled Tuesday Blitz"]
[Site "Chess.com"]
[Date "2020.11.03"]
[Round "1"]
[White "AlexSuv"]
[Black "Jenia84"]
[Result "1/2-1/2"]
[WhiteElo "2588"]
[BlackElo "2295"]
[TimeControl "180+1"]
[EndTime "10:08:35 PST"]
[Termination "Game drawn - insufficient material"]

1. d4 Nf6 2. c4 e6 3. Nc3 Bb4 4. e3 O-O 5. Bd2 b6 6. Nf3 Bb7 7. Bd3 Bxc3 8. Bxc3 Ne4 9. Qc2 f5 10. Bb4 d6 11. O-O a5 12. Ba3 Nd7 13. Nd2 Ndf6 14. f3 Nxd2 15. Qxd2 c5 16. Rad1 Qe7 17. b3 Rae8 18. Bb2 Nh5 19. Bb1 Rd8 20. dxc5 dxc5 21. Qc3 Rxd1 22. Rxd1 Rd8 23. Rxd8+ Qxd8 24. Bc2 Kf7 25.
e4 fxe4 26. fxe4 Nf6 27. e5 Nd7 28. Qd3 Qe7 29. Qxh7 Qg5 30. Qh3 Nxe5 31. Qg3 Qxg3 32.
hxg3 Ng4 33. Bc1 Kf6 34. Bd1 Kf5 35. Kf1 g5 36. Bd2 Nh2+ 37. Kf2 Ng4+ 38. Kf1 Be4 39. a3 Bd3+ 40. Ke1 a4 41. bxa4 Bxc4 42. a5 bxa5 43.
Bxa5 Ne3 44. Bb6 Nxd1 45. Kxd1 Bd5 46. Bxc5 Bxg2 47. a4 Kg4 48. Bd6 Ba8 49. Ke2 Kf5 50.
Ke3 e5 51. a5 e4 52. a6 Ke6 53. Bb8 Kf5 54. Kd4 Kg4 55. a7 Kf3 56. Bd6 e3 57.
Bb4 Kf2 58. g4 e2 59. Ke5 Kf3 60. Kf5 Ke3 61. Kxg5 Kd4 62. Kh6 Kc4 63. Be1 Kb5 64.
g5 Ka6 65. g6 Kxa7 66. g7 Bd5 67. Kh7 Kb7 68. g8=Q Bxg8+ 69. Kxg8 Kc6 70. Kg7 Kd5 71. Kf6 Ke4 72. Kg5 Kf3 73. Bc3 Kg2 74. Bb4 Kf1 75.
Ba5 e1=Q 76. Bxe1 1/2-1/2

[Event "*** Titled Tuesday Blitz"]
[Site "Chess.com"]
[Date "2020.11.03"]
[Round "1"]
[White "BikingBrian"]
[Black "gilbert_gm"]
[Result "0-1"]
[WhiteElo "2270"]
[BlackElo "2585"]
[TimeControl "180+1"]
[EndTime "10:08:37 PST"]
[Termination "gilbert_gm won by resignation"]

1. d4 Nf6 2. Bg5 e6 3. Nd2 Be7 4. e4 d5 5. e5 Nfd7 6. Bxe7 Qxe7 7. c3 c5 8. Bd3 Nc6 9. Ne2 f5 10. exf6 Nxf6 11. Nf3 O-O 12. O-O Bd7 13. a3 Be8 14. Re1 Bh5 15. Nf4 Bxf3 16. Qxf3 cxd4 17. Qh3 Ne4 18. Bxe4 dxe4 19. Rxe4 e5 20. Qe6+ Qxe6 21. Nxe6 Rf6 22. cxd4 Rxe6 23. d5 Rd6 24. dxc6 Rxc6 25. Rae1 Rac8 26. Kf1 Rc2 27. R4e2 Rxe2 28. Rxe2 Rc1+ 29.
Re1 Rc2 30. Re2 Rc1+ 31. Re1 Rc2 32. Re2 Rc5 33. Ke1 Kf7 34. Kd2 Ke6 35. b4 Rd5+ 36.
Kc2 Kf5 37. Kc3 Rd1 38. g3 e4 39. h3 h5 40. Rd2 Rh1 41. Rd5+ Kg6 42. h4 Rf1 43.
Rg5+ Kf6 44. Rxh5 Rxf2 45. Kd4 Rf3 46. Kxe4 Rxa3 47. Rf5+ Ke6 48. Rg5 Ra4 49. Rxg7 Rxb4+ 50. Kd3 a5 51. g4 a4 52. Kc3 Rb3+ 53. Kc2 b5 54. Rb7 Kd6 55. h5 Kc6 56. Rb8 Rh3 57. Rc8+ Kb6 58. Rb8+ Ka5 59. Kb2 Kb4 60. Rf8 Rh2+ 61.
Kc1 a3 62. Rf4+ Kb3 63. Rf3+ Ka4 64. Rf4+ b4 65. Rf8 a2 66. Ra8+ Kb3 67. Kd1 Rh1+ 68. Ke2 a1=Q 69. Rxa1 Rxa1 70. g5 Rh1 71. h6 Rh5 72. Kf3 Rxg5 73. h7 Rh5 74. Kf4 Rxh7 0-1

[Event "*** Titled Tuesday Blitz"]
[Site "Chess.com"]
[Date "2020.11.03"]
[Round "1"]
[White "Godzillator"]
[Black "Ermito2020"]
[Result "1/2-1/2"]
[WhiteElo "2304"]
[BlackElo "2601"]
[TimeControl "180+1"]
[EndTime "10:08:40 PST"]
[Termination "Game drawn - insufficient material"]

1. d4 Nf6 2. c4 g6 3. Nc3 d5 4.
cxd5 Nxd5 5. Nf3 Bg7 6. Qb3 Nb6 7. e4 O-O 8. Be3 Nc6 9. d5 Ne5 10. Nxe5 Bxe5 11. Be2 f5 12. exf5 Bxf5 13. a4 Bxc3+ 14. bxc3 Qxd5 15. c4 Qxg2 16. Rf1 Be6 17. a5 Nd7 18.
Bh6 Rf7 19. Qg3 Qxg3 20. hxg3 Ne5 21. Rc1 Rd8 22. Bf4 Rf5 23. c5 c6 24. a6 bxa6 25.
Bxa6 Nf3+ 26. Ke2 Nd4+ 27. Ke1 g5 28. Be3 Nb3 29. Rc3 Rfd5 30. Ke2 Nd4+ 31. Bxd4 Rxd4 32. Ra1 Bf5 33. Ke3 Re4+ 34. Kf3 g4+ 35. Kg2 Red4 36. Bc4+ Kf8 37. Be2 Be4+ 38. Kf1 h5 39. Rxa7 Rb8 40. Ra1 Rb2 41. Re1 Bd5 42. Re3 e6 43. Rd3 Rc4 44.
Rxd5 exd5 45. Bxc4 dxc4 46. Rc1 Rb4 47. Ke2 Ke7 48. Ke3 Ke6 49. Kd4 Rb2 50. Rf1 Rc2 51. f3 Rg2 52. fxg4 hxg4 53. Re1+ Kf5 54. Re3 Rc2 55. Re5+ Kf6 56. Re3 Rc1 57. Re2 Rg1 58.
Re3 Rc1 59. Re2 Kf5 60. Rf2+ Kg5 61. Re2 Rg1 62. Re3 Rf1 63. Kxc4 Rf3 64. Kd4 Rf2 65. Re5+ Kf6 66. Re3 Rg2 67. Ke4 Rc2 68. Kf4 Rxc5 69. Kxg4 Rc4+ 70. Kf3 c5 71. Re8 Rc3+ 72. Kf4 Rc4+ 73.
Kf3 Kg6 74. g4 Rc1 75. Kf4 c4 76. Re6+ Kf7 77. Rc6 c3 78. Ke3 Rg1 79. Kd3 Rxg4 80. Kxc3 Rg6 81. Rxg6 Kxg6 1/2-1/2

[Event "*** Titled Tuesday Blitz"]
[Site "Chess.com"]
[Date "2020.11.03"]
[Round "1"]
[White "Agoking701"]
[Black "PaulfromSPb"]
[Result "0-1"]
[WhiteElo "2368"]
[BlackElo "2720"]
[TimeControl "180+1"]
[EndTime "10:08:44 PST"]
[Termination "PaulfromSPb won by checkmate"]

1. e4 c5 2. Nf3 d6 3. d4 cxd4 4. Nxd4 Nf6 5. f3 e5 6. Nb3 d5 7.
Bg5 d4 8. c3 Nc6 9. cxd4 exd4 10. Bb5 Bb4+ 11. Bd2 Be7 12. Ba5 Qd6 13. Qxd4 Bd7 14.
Qxd6 Bxd6 15. Bxc6 Bxc6 16. N1d2 O-O 17. O-O-O Rac8 18. Kb1 Bf4 19. g3 Bh6 20. Rhe1 Rfe8 21. Bc3 Nd7 22. Nd4 Ba4 23. N2b3 Ne5 24. f4 Ng4 25. Re2 g6 26. e5 Bf8 27. h3 Nh6 28. g4 b6 29. Rc1 Bg7 30. g5 Nf5 31. Nxf5 gxf5 32. Nd4 Bd7 33. Rd1 Bf8 34. Red2 Bc5 35. Nb3 Be6 36.
Nxc5 bxc5 37. Rd6 Rc7 38. b3 Kg7 39. Kc2 Kg6 40. h4 Kh5 41. Ra6 Kxh4 42. Rh1+ Kg4 43.
Bd2 c4 44. b4 c3 45. Bc1 Bd5 46. Rxh7 Be4+ 47. Kb3 Rec8 48. g6 fxg6 49. Rxc7 Rxc7 50.
Rxg6+ Kf3 51. Rd6 c2 52. Kb2 Rb7 53. a3 a5 54. Kc3 axb4+ 55. axb4 Rc7+ 56. Kb3 Ra7 57. e6 Ra1 58. Bb2 Rb1 59. Ka3 Ra1+ 60. Kb3 Ra7 61. Rd7 Ra8 62. e7 Re8 63. Kc3 Kxf4 64. Kd2 Kg5 65. b5 f4 66. Bd4 Rc8 67. b6 c1=Q+ 68.
Ke2 Rc2# 0-1

[Event "*** Titled Tuesday Blitz"]
[Site "Chess.com"]
[Date "2020.11.03"]
[Round "1"]
[White "zmeeed67"]
[Black "TorFredrikKaasen"]
[Result "0-1"]
[WhiteElo "2362"]
[BlackElo "2704"]
[TimeControl "180+1"]
[EndTime "10:08:45 PST"]
[Termination "TorFredrikKaasen won by resignation"]

1. e4 c5 2. g3 Nc6 3. Bg2 g6 4. Ne2 Bg7 5. O-O e5 6. Nbc3 Nge7 7. a3 O-O 8. Rb1 d6 9. b4 b6 10. d3 Be6 11. Bd2 Qd7 12. f4 cxb4 13. axb4 Rac8 14. Ra1 d5 15. b5 Nd4 16. Nxd4 exd4 17. Nxd5 Nxd5 18.
exd5 Bxd5 19. Bxd5 Qxd5 20. f5 Rc7 21. Bf4 Rd7 22. fxg6 hxg6 23. Rb1 Re8 24. Re1 Rde7 25. Rxe7 Rxe7 26. h4 Be5 27. Qd2 Bxf4 28. Qxf4 Re3 29.
Rf1 Re2 30. Rf2 Re1+ 31. Rf1 Rxf1+ 32. Kxf1 Qxb5 33. Qxd4 Qb1+ 34. Kg2 Qxc2+ 35. Kh3 Qc8+ 36. g4 Qc7 37. h5 gxh5 38. gxh5 Qc6 39. Qd8+ Kh7 40.
Qg5 Qe6+ 41. Kg2 Qh6 42. Qf5+ Kg7 43. Kf3 Qf6 44. Ke4 Qxf5+ 45. Kxf5 a5 46. d4 a4 47. d5 a3 48. d6 a2 49. d7 a1=Q 50. d8=Q Qf1+ 51.
Ke5 Qe2+ 52. Kf4 Qf2+ 53. Kg5 Qc5+ 54. Kg4 Qc4+ 55. Kg5 Qc1+ 56. Kg4 Qg1+ 57. Kf5 Qf2+ 58. Kg4 Qg2+ 59. Kf5 Qh3+ 60. Kg5 Qg3+ 61. Kf5 Qe3 62. Qf6+ Kg8 63. Qd8+ Kh7 64. Qf6 Qf3+ 65. Ke5 Qxf6+ 66. Kxf6 b5 67. Ke5 Kh6 68. Kd4 Kxh5 69. Kc5 Kg4 70. Kxb5 f5 71. Kc4 f4 0-1

[Event "*** Titled Tuesday Blitz"]
[Site "Chess.com"]
[Date "2020.11.03"]
[Round "1"]
[White "ciucas1892"]
[Black "almatyonelove"]
[Result "1/2-1/2"]
[WhiteElo "2268"]
[BlackElo "2570"]
[TimeControl "180+1"]
[EndTime "10:08:47 PST"]
[Termination "Game drawn - insufficient material"]

1. c4 Nf6 2. g3 e6 3. Bg2 d5 4. Nf3 dxc4 5. O-O Nbd7 6. Qa4 c5 7. Qxc4 b6 8. d4 Bb7 9. Nc3 Rc8 10. Rd1 cxd4 11. Qxd4 Bc5 12. Qh4 h6 13. Ne5 Bxg2 14. Kxg2 Qe7 15. Nxd7 Nxd7 16. Qa4 a5 17. Ne4 Rc7 18.
Nxc5 Qxc5 19. Be3 Qc6+ 20. Qxc6 Rxc6 21. Rac1 Rxc1 22. Rxc1 Ke7 23. Rc6 Rb8 24. f4 Rb7 25.
Bd4 g5 26. e4 b5 27. Ra6 a4 28. Kf3 Rc7 29. Bg7 gxf4 30. gxf4 h5 31. Bc3 Rc4 32. f5 b4 33. Bg7 b3 34. axb3 axb3 35. Ra7 exf5 36.
exf5 Kd6 37. Ra6+ Kd5 38. Ra3 Nc5 39. Bf8 Ne4 40. Ke3 Rc8 41. Bg7 Nd6 42. Ra5+ Kc6 43. Bf8 Nxf5+ 44. Rxf5 Rxf8 45. Rxh5 Ra8 46. Rf5 Ra7 47.
Kd3 Rb7 48. Kc3 Kd6 49. h4 Ke6 50. Rf1 f5 51. h5 Ke5 52. h6 f4 53. h7 Rxh7 54.
Kxb3 Ke4 55. Kc4 Ke3 56. b4 Rc7+ 57. Kd5 Rb7 58. Kc5 Rc7+ 59. Kb6 Rc2 60. b5 Rb2 61.
Ka6 f3 62. b6 Ra2+ 63. Kb7 f2 64. Rxf2 Rxf2 65. Ka8 Ra2+ 66. Kb8 Kd4 67. b7 Kc5 68. Kc7 Ra7 69. Kc8 Rxb7 70. Kxb7 1/2-1/2

[Event "*** Titled Tuesday Blitz"]
[Site "Chess.com"]
[Date "2020.11.03"]
[Round "1"]
[White "XDPS"]
[Black "UmarovSabir"]
[Result "1-0"]
[WhiteElo "2661"]
[BlackElo "2330"]
[TimeControl "180+1"]
[EndTime "10:08:50 PST"]
[Termination "XDPS won by resignation"]

1. e4 g6 2. d4 Bg7 3. Nf3 c6 4. Be2 d5 5. e5 Nh6 6. O-O O-O 7. Nbd2 f6 8. exf6 exf6 9. c4 Be6 10. Re1 Nd7 11.
Bf1 Re8 12. b3 Nf5 13. Bb2 Nf8 14. a4 a5 15. Qc2 Qd7 16. Bc3 b6 17. Rac1 Bf7 18.
Bb2 Rxe1 19. Rxe1 Re8 20. Rc1 h5 21. c5 bxc5 22. Qxc5 Ne6 23. Qxc6 Qxc6 24. Rxc6 Nf4 25. g3 Ne2+ 26. Kg2 g5 27. Bxe2 Rxe2 28. Kf1 Re6 29. Rc5 g4 30. Ne1 Bh6 31. Nb1 Nd6 32. Rxa5 Ne4 33. Ra8+ Kg7 34. Rc8 Nd2+ 35. Nxd2 Bxd2 36.
Nd3 Bg6 37. Rc7+ Kh6 38. Nf4 Re1+ 39. Kg2 Be4+ 40. f3 Bxf3+ 41. Kf2 Rb1 42. Rc2 Be3+ 43. Kxe3 Rh1 44. Ne6 Kg6 45. Nf4+ Kf5 46. b4 Rf1 47. Rd2 Rb1 48. Kd3 Be4+ 49. Kc3 Re1 50. b5 Re3+ 51.
Kb4 h4 52. Bc3 hxg3 53. hxg3 Rxg3 54. Ne2 Re3 55. b6 Rh3 56. b7 Rh8 57. a5 Rb8 58. a6 Bf3 59. Ng1 Kf4 60. Kc5 g3 61. Kb6 g2 62. a7 Rxb7+ 63. Kxb7 Be4 64. a8=Q Ke3 65. Qa3 f5 66. Qc1 1-0

[Event "*** Titled Tuesday Blitz"]
[Site "Chess.com"]
[Date "2020.11.03"]
[Round "1"]
[White "pfalcon1949"]
[Black "elohunter1999"]
[Result "0-1"]
[WhiteElo "1961"]
[BlackElo "2487"]
[TimeControl "180+1"]
[EndTime "10:08:51 PST"]
[Termination "elohunter1999 won by resignation"]

1. c4 Nf6 2. Nc3 e6 3. g3 d5 4. cxd5 exd5 5. Bg2 c6 6. d4 Be7 7. e3 O-O 8. Nge2 Re8 9. O-O Na6 10. a3 Nc7 11. Qc2 a5 12. b3 g6 13. Bb2 Bf5 14.
Qd2 Qd7 15. Rac1 Bh3 16. Na4 Bxg2 17. Kxg2 Qf5 18. Qc2 Qxc2 19. Rxc2 Nb5 20. Ra1 Ne4 21. Nec3 Nbxc3 22. Nxc3 f5 23. Na4 Bd6 24. Nc5 Re7 25. Rac1 Rae8 26. b4 Ra8 27. Nd3 axb4 28. axb4 Bc7 29.
Ne5 Nd6 30. f3 Nb5 31. Kf2 Ree8 32. Rc5 Ra2 33. R5c2 Rea8 34. Nd3 Nd6 35. Bc3 Nc4 36.
Nc5 b5 37. f4 R8a3 38. Kf3 Bd6 39. Nd3 Kf8 40. h3 Ke7 41. g4 Rxc2 42. Rxc2 Rb3 43.
Nc5 Na3 44. Nxb3 Nxc2 45. Nc5 Bxc5 46. dxc5 Na3 47. Ke2 Nc4 48. Kd3 Ke6 49. Bd4 fxg4 50. hxg4 h5 51. gxh5 gxh5 52. e4 h4 53. Bg1 dxe4+ 54.
Kxe4 h3 55. f5+ Kf6 56. Bh2 Nd2+ 57. Kd3 Nf1 58. Bd6 h2 59. Bxh2 Nxh2 60. Ke4 Ng4 61. Kf4 Ne5 62. Ke4 Nf7 63. Kf4 Nh6 64. Ke4 Nxf5 65.
Kf4 Ne7 66. Ke4 Nd5 67. Kd4 Nxb4 68. Kc3 Nd5+ 69. Kb3 Ke5 70. Kc2 Kd4 71. Kb3 Kxc5 72. Kb2 Kd4 73. Kc2 c5 74. Kb3 c4+ 75. Kc2 b4 76.
Kb1 b3 77. Kb2 Kc5 78. Kc1 Kb4 79. Kb1 c3 80. Kc1 Ne3 81. Kb1 Nc4 82. Kc1 b2+ 83.
Kc2 Na3+ 84. Kd3 b1=Q+ 85. Kd4 c2 86. Kd5 c1=Q 87. Ke5 Qd2 88. Ke6 Qbe1+ 89. Kf5 Qdf2+ 0-1

[Event "*** Titled Tuesday Blitz"]
[Site "Chess.com"]
[Date "2020.11.03"]
[Round "1"]
[White "Sueetin"]
[Black "CaspiIsrael"]
[Result "0-1"]
[WhiteElo "2302"]
[BlackElo "2621"]
[TimeControl "180+1"]
[EndTime "10:09:00 PST"]
[Termination "CaspiIsrael won on time"]

1. d4 f5 2. Nc3 Nf6 3. Bg5 d5 4. Bxf6 exf6 5. e3 Be6 6. Nge2 Qd7 7. h4 g6 8. Qd2 Nc6 9. O-O-O Ne7 10. Kb1 Bf7 11.
Nf4 O-O-O 12. Bb5 c6 13. Be2 Kb8 14. Nd3 Nc8 15. Na4 Nd6 16. Nac5 Qc8 17. Bf3 b6 18. Nb3 Ne4 19. Qe2 Bd6 20. Rc1 Rhe8 21. g3 Qa6 22. Qf1 Qb5 23. Ka1 a5 24. Be2 Qa4 25. Nf4 Bxf4 26.
gxf4 Nd6 27. Nd2 Qb4 28. c3 Qa4 29. b3 Qa3 30. Nb1 Qxc1 31. Qxc1 Ne4 32. Rf1 Rc8 33. Bd3 Nd6 34. Qd2 Kb7 35. Rh1 h5 36. Rg1 c5 37.
Na3 c4 38. bxc4 dxc4 39. Bc2 b5 40. Rb1 Ka6 41. Qe2 Bd5 42. Qd2 Rb8 43. Rg1 Rg8 44. Nb1 b4 45. Qd1 Rb7 46. Ba4 Ne4 47. Qc2 Rc8 48. f3 b3 49. Qb2 bxa2 50. Qxa2 Nd6 51. Rxg6 Bxf3 52. Rxf6 Rb6 53. Qa3 Rd8 54. Nd2 Bd5 55. Qc5 Bb7 56. Bc2 Rc8 57. Qe5 Rcc6 58. Bd1 Nb5 59. Rxc6 Rxc6 60. Be2 Nxc3 61. Bxc4+ Ka7 62.
Qb5 Nxb5 63. Bxb5 Rc2 64. Nc4 Bd5 65. Nd6 Kb6 66. Bd7 Rh2 67. Nxf5 Be4 68. Nd6 Bd3 69. f5 Rxh4 70. f6 Rh1+ 71. Kb2 Rf1 72. Ne8 Bg6 0-1